 Dungeon Crawl Stone Soup version 0.23.2-40-g277498a (webtiles) character file.

Game seed: 7800086294441753603

85 Deathwalker the Grasshopper (level 4, -2/34 HPs)
             Began as a Human Warper on Aug 16, 2019.
             Slain by a quokka (3 damage)
             ... on level 2 of the Dungeon.
             The game lasted 00:08:08 (1815 turns).

Deathwalker the Grasshopper (Human Warper)          Turns: 1815, Time: 00:08:09

Health: -2/34      AC:  3    Str: 12    XL:     4   Next: 75%
Magic:  7/7        EV: 12    Int: 14    God:
Gold:   78         SH:  0    Dex: 12    Spells: 3/7 levels left

rFire    . . .     SeeInvis .   a - +0 falchion
rCold    . . .     Gourm    .   (no shield)
rNeg     . . .     Faith    .   b - +0 leather armour
rPois    .         Spirit   .   (no helmet)
rElec    .         Reflect  .   (no cloak)
rCorr    .         Harm     .   (no gloves)
MR       .....                  (no boots)
Stlth    +.........             (no amulet)
HPRegen  0.11/turn              (no ring)
MPRegen  0.10/turn              (no ring)

@: no status effects
A: no striking features
a: no special abilities


You were on level 2 of the Dungeon.
You were not hungry.

You visited 1 branch of the dungeon, and saw 2 of its levels.

You collected 78 gold pieces.

Inventory:

Hand Weapons
 a - a +0 falchion (weapon)
Missiles
 e - 5 tomahawks of dispersal (quivered)
 k - 8 poisoned needles
Armour
 b - a +0 leather armour (worn)
 h - a +0 ring mail
Scrolls
 c - 2 scrolls of remove curse {unknown}
 d - a scroll of blinking
 i - a scroll of identify {unknown}
 j - a scroll of magic mapping {unknown}
 m - a scroll of enchant armour {unknown}
Potions
 g - a potion of resistance {unknown}
Comestibles
 f - 2 rations
 l - a chunk of flesh


   Skills:
 * Level 2.9 Fighting
 - Level 3.0 Long Blades
 - Level 1.0 Throwing
 - Level 1.0 Armour
 - Level 3.0 Dodging
 + Level 2.2 Spellcasting
 + Level 0.1 Charms
 - Level 3.0 Translocations


You had 3 spell levels left.
You knew the following spells:

 Your Spells              Type           Power        Failure   Level  Hunger
a - Blink                 Tloc           N/A          13%         2    ###....
b - Shroud of Golubria    Chrm/Tloc      #.........   24%         2    ###....

Your spell library contained the following spells:

 Spells                   Type           Power        Failure   Level  Hunger
 Gell's Gravitas          Tloc           #.........   26%         3    ###....
 Lesser Beckoning         Tloc           #.........   26%         3    ###....
 Teleport Other           Tloc           #.......     26%         3    ###....
 Passage of Golubria      Tloc           N/A          65%         4    #####..


Dungeon Overview and Level Annotations

Branches:
Dungeon (2/15)

Altars:


Message History

* * * LOW HITPOINT WARNING * * *
You barely miss the quokka.
The quokka is almost dead.
The quokka bites you.
* * * LOW HITPOINT WARNING * * *
You hit the quokka but do no damage.
The quokka is almost dead.
The quokka bites you.
* * * LOW HITPOINT WARNING * * *
The quokka closely misses you.
You closely miss the quokka.
The quokka is almost dead.
The quokka barely misses you. The quokka misses you.
You miss the quokka.
The quokka is almost dead.
The quokka bites you.
* * * LOW HITPOINT WARNING * * *
The quokka bites you.
You die...

#.# ... .# #.#
..# #.# ##..# #.
#.# ..... #. #%#
... #. #r##.### #
#.##@!....#.# #
#.##..?........#
##.
##............###
#..
.................
..#
#............##.
#.#
#.###.#.#.##.#
#.# #.# #.#>#.#
.# #<# #.#
#.#.#.# . ##.##
#.# #.....# .


You could see a quokka.

Vanquished Creatures
  4 gnolls
  2 oozes
  2 leopard geckos (D:1)
  A ball python (D:1)
  2 giant cockroaches
  4 goblins (D:1)
  2 hobgoblins (D:1)
  4 jackals (D:1)
  5 kobolds (D:1)
  4 bats
  2 frilled lizards
  4 rats (D:1)
36 creatures vanquished.

Notes
Turn   | Place    | Note
-------+----------+-------------------------------------------
     0 | D:1      | Deathwalker the Human Warper began the quest for the Orb.
     0 | D:1      | Reached XP level 1. HP: 16/16 MP: 3/3
    68 | D:1      | Reached XP level 2. HP: 20/22 MP: 5/5
   312 | D:1      | Learned a level 2 spell: Blink
   315 | D:1      | Learned a level 2 spell: Shroud of Golubria
   511 | D:1      | Reached XP level 3. HP: 18/27 MP: 2/6
  1044 | D:2      | Reached XP level 4. HP: 18/34 MP: 7/7
  1815 | D:2      | HP: 1/34 [quokka (3)]
  1815 | D:2      | Slain by a quokka

Skill      XL: |  1  2  3  4 |
---------------+-------------+-----
Dodging        | 3 |  3.0
Long Blades    | 3 |  3.0
Fighting       | |  2.9
Throwing       | |  1.0
Armour         | |  1.0
Spellcasting   | |  2.2
Charms         | |  0.1
Translocations | |  3.0

Action                   |  1- 3 |  4- 6 || total
-------------------------+-------+-------++-------
Melee: Falchion          |    93 |    58 ||   151
 Cast: Shroud of Golubri |     1 |     7 ||     8
       Blink             |     1 |       ||     1
  Eat: Chunk             |       |     4 ||     4
Armor: Leather armour    |    34 |     8 ||    42
Dodge: Dodged            |    82 |    38 ||   120
       Rpst.: Falchion   |    32 |     8 ||    40
